 Dungeon Crawl Stone Soup version 0.27-a0-988-g25969acef8 (webtiles) character file.

Game seed: 11036613874543215245

8585 robertstho the Archer (level 11, -6/104 HPs)
             Began as a Minotaur Hunter on Apr 15, 2021.
             Was a High Priest of Okawaru.
             Mangled by a two-headed ogre
             ... wielding a +0 giant club
              (10 damage)
             ... on level 9 of the Dungeon.
             The game lasted 00:20:29 (13198 turns).

robertstho the Archer (Minotaur Hunter)            Turns: 13198, Time: 00:20:30

Health: -6/104     AC: 15    Str: 16    XL:     11   Next: 11%
Magic:  13/13      EV:  6    Int:  8    God:    Okawaru [*****.]
Gold:   480        SH:  0    Dex: 15    Spells: 10/10 levels left

rFire    . . .     SeeInvis +   e - +1 shortbow (freeze)
rCold    . . .     Faith    .   (shield currently unavailable)
rNeg     . . .     Spirit   .   z - +0 plate armour
rPois    .         Reflect  .   (helmet restricted)
rElec    .         Harm     .   E - +0 cloak
rCorr    .         Rampage  .   H - +1 pair of gloves
Will     .....                  (no boots)
Stlth    ..........             s - amulet of the acrobat
HPRegen  0.27/turn              n - ring of see invisible
MPRegen  0.13/turn              (no ring)

@: mighty, attractive, studying Fighting
A: horns 2, retaliatory headbutt
a: Renounce Religion, Heroism, Finesse


You were on level 9 of the Dungeon.
You worshipped Okawaru.
Okawaru was extremely pleased with you.
You visited 2 branches of the dungeon, and saw 11 of its levels.

You collected 612 gold pieces.
You spent 132 gold pieces at shops.

Inventory:

Hand Weapons
 e - a +1 shortbow of freezing (weapon)
 f - a +2 hand axe of venom
 k - a +0 short sword of speed
 F - a +2 dagger of protection
Missiles
 h - 9 atropa-tipped darts
 q - 2 throwing nets
 t - 104 arrows (quivered ammo)
 x - a curare-tipped dart
Armour
 z - a +0 plate armour (worn)
 E - a +0 cloak (worn)
 H - a +1 pair of gloves (worn)
Jewellery
 n - a ring of see invisible (left hand)
 o - a ring of flight
 s - an amulet of the acrobat (around neck)
Wands
 m - a wand of polymorph (8)
 u - a wand of acid (16)
 C - a wand of mindburst (35)
Scrolls
 a - a scroll of summoning {unknown}
 b - a scroll of enchant armour {unknown}
 c - 5 scrolls of fog
 g - a scroll of fear {unknown}
 i - a scroll of immolation {unknown}
 j - 2 scrolls of holy word {unknown}
 p - a scroll of torment {unknown}
 r - 3 scrolls of magic mapping
 w - a scroll of enchant weapon {unknown}
 y - 3 scrolls of teleportation
 G - a scroll of identify
Potions
 l - 3 potions of brilliance
 v - a potion of flight
 A - a potion of haste
 D - a potion of mutation


   Skills:
 * Level 11.9 Fighting
 + Level 0.6 Short Blades
 * Level 14.6 Bows
 + Level 5.3 Armour
 + Level 2.9 Dodging
 + Level 1.3 Stealth
 * Level 5.0 Invocations
 + Level 0.2 Evocations


You had 10 spell levels left.
You didn't know any spells.
Your spell library contained the following spells:

 Spells                   Type           Power      Damage    Failure   Level
 Animate Skeleton         Necr           0%         N/A       100%        1
 Corona                   Hex            0%         N/A       100%        1
 Pain                     Necr           0%         1d4       100%        1
 Summon Small Mammal      Summ           0%         N/A       100%        1
 Call Imp                 Summ           0%         N/A       100%        2
 Slow                     Hex            0%         N/A       100%        2
 Call Canine Familiar     Summ           0%         N/A       100%        3
 Confusing Touch          Hex            0%         N/A       100%        3
 Gell's Gravitas          Tloc           0%         N/A       100%        3
 Inner Flame              Hex/Fire       0%         N/A       100%        3
 Portal Projectile        Hex/Tloc       0%         N/A       100%        3
 Summon Guardian Golem    Hex/Summ       0%         N/A       100%        3
 Vampiric Draining        Necr           0%         2d6       100%        3
 Animate Dead             Necr           0%         N/A       100%        4
 Cause Fear               Hex            0%         N/A       100%        4
 Leda's Liquefaction      Hex/Erth       0%         N/A       100%        4
 Petrify                  Tmut/Erth      0%         N/A       100%        4
 Summon Ice Beast         Ice/Summ       0%         N/A       100%        4
 Summon Lightning Spire   Summ/Air       0%         N/A       100%        4
 Agony                    Necr           0%         N/A       100%        5
 Metabolic Englaciation   Hex/Ice        0%         N/A       100%        5
 Yara's Violent Unravell  Hex/Tmut       0%         3d3       100%        5


Dungeon Overview and Level Annotations

Branches:
Dungeon (10/15)            Temple (1/1) D:6            Lair (0/6) D:9
    Orc (0/2) D:9

Altars:
Ashenzari
Cheibriados
Dithmenos
Elyvilon
Fedhas
Gozag
Hepliaklqana
Kikubaaqudgha
Makhleb
Nemelex Xobeh
Okawaru
Qazlal
Ru
Sif Muna
Trog
Uskayaw
Vehumet
Wu Jian
Xom
Zin
The Shining One

Shops:
D:1 (   D:2 (


Innate Abilities, Weirdness & Mutations

You have a pair of horns on your head.
You reflexively headbutt those who attack you in melee.


Message History

The two-headed ogre is moderately wounded.
You shoot an arrow. The arrow hits the two-headed ogre.
The arrow freezes the two-headed ogre.
The two-headed ogre is moderately wounded.
You shoot an arrow. The arrow hits the two-headed ogre.
The arrow freezes the two-headed ogre.
The two-headed ogre is moderately wounded.
You shoot an arrow. The arrow hits the two-headed ogre!
The arrow freezes the two-headed ogre.
The two-headed ogre is heavily wounded.
You shoot an arrow.
The arrow hits the two-headed ogre but does no damage.
The two-headed ogre is heavily wounded.
The two-headed ogre hits you with a +0 giant club! x2
You shoot an arrow.
The arrow closely misses the two-headed ogre.
The two-headed ogre hits you with a +0 giant club! x2
You are too injured to fight recklessly!
You are too injured to fight recklessly!
You are too injured to fight recklessly!
The two-headed ogre hits you but does no damage.
The two-headed ogre hits you with a +0 giant club! x2
* * * LOW HITPOINT WARNING * * *
The two-headed ogre barely misses you.
You climb upwards.
There is a stone staircase leading down here.
Okay, then.
Okay, then.
It was a potion of might.
You feel very mighty all of a sudden.
The two-headed ogre hits you with a +0 giant club.
* * * LOW HITPOINT WARNING * * *
The two-headed ogre hits you with a +0 giant club!
* * * LOW HITPOINT WARNING * * *
Okay, then.
Okay, then.
It was a potion of attraction.
You feel attractive to monsters.
The two-headed ogre hits you with a +0 giant club!
You die...

...#.<..####
#.#
...........#
#.#
##########.#
#.# #.# #.#
##########.#
#.#
>..........#
#.#
############
#.#
##.......#
#O#
##.#####.#
#@# ##.#
#.#######O#
...#
#.....>...#
##.#
#.#########
#.#####.#
#.......#
###.#.#### #
#.#.#
###.#.#


You could see 2 two-headed ogres.

Vanquished Creatures
  Harold (D:8)
  3 death yaks (D:9)
  Pikel (D:7)
  Joseph (D:7)
  Maurice (D:8)
  A troll (D:10)
  A yak (D:6)
  2 wyverns (D:8)
  2 steam dragons
  Menkaure (D:4)
  A warg (D:9)
  2 ice beasts
  A black bear (D:6)
  4 orc warriors
  A sky beast (D:5)
  3 ogres
  5 centaurs
  2 necrophages
  4 lemures (D:7)
  A kobold brigand (D:6)
  4 bullfrogs
  A scorpion (D:6)
  A wyvern zombie (D:5)
  3 killer bees (D:8)
  An electric eel (D:6)
  3 howler monkeys
  2 centaur zombies
  A crimson imp (D:8)
  A bullfrog zombie (D:7)
  3 hounds
  A centaur skeleton (D:6)
  5 orc priests
  2 gnoll shamans
  3 jellies
  Crazy Yiuf (D:7)
  20 orc wizards
  2 iguanas (D:6)
  2 hell rats (D:9)
  A howler monkey zombie (D:9)
  Robin (D:2)
  12 gnolls
  A howler monkey skeleton (D:7)
  5 adders
  3 river rats
  4 ufetubi (D:6)
  4 dart slugs
  26 orcs
  9 ball pythons
  4 endoplasms
  2 giant cockroaches (D:1)
  12 goblins
  7 hobgoblins
  4 jackals (D:2)
  5 kobolds
  3 quokkas
  3 bats
  5 frilled lizards
  7 rats
212 creatures vanquished.

Vanquished Creatures (others)
  12 plants (D:6)
  4 toadstools (D:1)
16 creatures vanquished.

Grand Total: 228 creatures vanquished

Notes
Turn   | Place    | Note
-------+----------+-------------------------------------------
     0 | D:1      | robertstho the Minotaur Hunter began the quest for the Orb.
     0 | D:1      | Reached XP level 1. HP: 18/18 MP: 0/0
   300 | D:1      | Reached XP level 2. HP: 25/25 MP: 1/1
   409 | D:1      | Found Wisudud's Antique Weapon Shoppe.
   767 | D:1      | Reached skill level 5 in Bows
   987 | D:2      | Found a shimmering altar of Xom.
  1017 | D:2      | Found Hesyn's Weapon Emporium.
  1170 | D:2      | Found a faded altar of an unknown god.
  1193 | D:2      | Reached XP level 3. HP: 27/30 MP: 2/2
  1248 | D:2      | Noticed Robin
  1252 | D:2      | Killed Robin
  1289 | D:2      | Noticed a necrophage
  1295 | D:2      | Killed a necrophage
  1296 | D:2      | Reached skill level 6 in Bows
  1296 | D:2      | Reached XP level 4. HP: 37/38 MP: 3/3
  1331 | D:2      | Reached XP level 5. HP: 41/45 MP: 4/4
  1820 | D:3      | Reached skill level 1 in Armour
  1848 | D:3      | Reached skill level 7 in Bows
  2065 | D:3      | Found a blossoming altar of Fedhas.
  2123 | D:3      | Found a shimmering blue altar of Sif Muna.
  2149 | D:3      | Reached XP level 6. HP: 21/52 MP: 5/5
  2768 | D:3      | Found an opulent altar of Gozag.
  3714 | D:1      | Bought a glowing shortbow for 132 gold pieces
  3774 | D:4      | Noticed Menkaure
  3781 | D:4      | Killed Menkaure
  3782 | D:4      | Reached skill level 8 in Bows
  4190 | D:4      | Reached skill level 5 in Fighting
  4190 | D:4      | Reached XP level 7. HP: 61/61 MP: 6/6
  4237 | D:5      | Entered Level 5 of the Dungeon
  4305 | D:5      | Found a shadowy altar of Dithmenos.
  4364 | D:5      | Reached skill level 9 in Bows
  5128 | D:5      | Found an ancient bone altar of Kikubaaqudgha.
  5259 | D:5      | Reached XP level 8. HP: 62/70 MP: 7/7
  5421 | D:6      | Found a staircase to the Ecumenical Temple.
  5429 | Temple   | Entered the Ecumenical Temple
  5489 | Temple   | Became a worshipper of Warmaster Okawaru
  5714 | D:6      | Found a white marble altar of Elyvilon.
  5802 | D:6      | Reached skill level 10 in Bows
  5849 | D:6      | Reached skill level 1 in Invocations
  6660 | D:6      | Reached * piety under Okawaru
  7009 | D:6      | Reached skill level 11 in Bows
  7076 | D:6      | Found a sacrificial altar of Ru.
  7278 | D:6      | Reached XP level 9. HP: 74/79 MP: 9/9
  8134 | D:7      | Noticed Pikel
  8151 | D:7      | Killed Pikel
  8151 | D:7      | Reached ** piety under Okawaru
  8152 | D:7      | Reached skill level 12 in Bows
  8407 | D:7      | Found a bloodstained altar of Trog.
  8419 | D:7      | Noticed Joseph
  8428 | D:7      | Killed Joseph
  8826 | D:7      | Found a runed translucent door.
  8827 | D:7      | Noticed Crazy Yiuf
  9075 | D:7      | Reached skill level 1 in Stealth
  9382 | D:7      | Killed Crazy Yiuf
  9858 | D:8      | Found a shimmering altar of Xom.
  9859 | D:8      | Found a burning altar of Makhleb.
  9984 | D:8      | Reached XP level 10. HP: 89/91 MP: 11/11
 10364 | D:8      | Reached skill level 13 in Bows
 10443 | D:8      | Reached *** piety under Okawaru
 10559 | D:8      | Noticed Maurice
 10572 | D:8      | Killed Maurice
 10633 | D:8      | Noticed Harold
 10652 | D:8      | Killed Harold
 10653 | D:8      | Reached skill level 10 in Fighting
 10845 | D:8      | Found a hide-covered altar of Uskayaw.
 11009 | D:9      | Noticed a death yak
 11018 | D:9      | Killed a death yak
 11018 | D:9      | Reached **** piety under Okawaru
 11018 | D:9      | Noticed a death yak
 11031 | D:9      | Noticed a death yak
 11048 | D:9      | Found a staircase to the Lair.
 11062 | D:9      | Killed a death yak
 11063 | D:9      | Reached skill level 14 in Bows
 11063 | D:9      | Reached skill level 5 in Armour
 11716 | D:9      | Killed a death yak
 12120 | D:9      | Reached XP level 11. HP: 104/104 MP: 13/13
 12147 | D:9      | Found a staircase to the Orcish Mines.
 12865 | D:9      | Reached skill level 5 in Invocations
 13183 | D:10     | Entered Level 10 of the Dungeon
 13183 | D:10     | Noticed a two-headed ogre
 13183 | D:10     | Noticed a two-headed ogre
 13188 | D:10     | Reached ***** piety under Okawaru
 13197 | D:9      | HP: 4/104 [two-headed ogre/+0 giant club (12)]
 13198 | D:9      | Mangled by a two-headed ogre

Illustrated notes

Levels and vault maps discovered:
D:1:      ldierk_walled_garden_2, layout_basic, serial_shops, nicolae_shop_trees
D:2:      layout_loops_ring, serial_shops, shop, basic_altar,
          basic_ecumenical_altar, minmay_tromino_mix6, uniq_robin
D:3:      layout_basic, lemuel_tele_altar, general_overflow_altar,
          kennysheep_orc_sif_temple
D:4:      layout_loops_cross, uniq_menkaure
D:5:      layout_cave_pools, lemuel_round_altar,
          grunt_dithmenos_smoke_and_mirrors
D:6:      layout_layer_cave, elyvilon_altar_3, lemuel_coloured_pillars_altar,
          minmay_temple_entry_wispy, serial_bayou, serial_bayou_shore_b,
          serial_bayou_pond_e, serial_bayou_crossing, serial_bayou_pond_a,
          serial_bayou_shore_b, minmay_manual_monstrance
D:7:      layout_loops_corners, amcnicky_altar_gilded, uniq_crazy_yiuf_cottage,
          uniq_pikel, uniq_joseph
D:8:      minmay_flawed_box, layout_rooms,
          grunt_temple_overflow_champion_of_chaos, marbit_many_paths,
          uniq_maurice, uniq_harold
D:9:      layout_loops_ring, dpeg_lair_monsters, erik_orc_3
D:10:     layout_cross, lemuel_mausoleum_altar_yredelemnul, ebering_ghost_xom
Temple:   cyrus_temple_forest

Skill      XL: |  1  2  3  4  5  6  7  8  9 10 11 |
---------------+----------------------------------+-----
Bows           | 5 6 7 8 9 11 12 14 | 14.6
Fighting       | 3 4 5 7 9 11 | 11.9
Armour         | 1 2 3 4 5 |  5.3
Invocations    | 1 3 4 5 |  5.0
Stealth        | 1 |  1.3
Short Blades   | |  0.6
Dodging        | |  2.9
Evocations     | |  0.2

Action                   |  1- 3 |  4- 6 |  7- 9 | 10-12 || total
-------------------------+-------+-------+-------+-------++-------
Melee: Dagger            |       |       |    26 |       ||    26
       Headbutt          |       |       |     3 |       ||     3
 Fire: Shortbow          |    86 |   142 |   365 |   295 ||   888
Invok: Heroism           |       |       |     1 |     4 ||     5
Evoke: Wand              |       |       |       |     3 ||     3
  Use: Scroll            |       |     4 |     8 |     1 ||    13
       Potion            |       |     2 |     3 |     2 ||     7
Armor: Ring mail         |     3 |       |       |       ||     3
       Chain mail        |     1 |    31 |    59 |       ||    91
       Skin              |       |       |     5 |       ||     5
       Plate armour      |       |       |     9 |    41 ||    50
Dodge: Dodged            |     7 |    17 |    50 |    47 ||   121

Table legend: (Time is in decaauts)
 A = Elapsed time spent in this place.
 B = Non-inter-level travel time spent in this place.
 C = Inter-level travel time spent in this place.
 D = Time resting spent in this place.
 E = Time spent auto-exploring this place.
 F = Levels seen in this place.
 G = Mean time per level.
                   A        B        C        D        E       F      G
               +--------+--------+--------+--------+--------+-----+--------+
         Total |  12993 |  12290 |    703 |   1637 |   9066 |  11 | 1181.2 |
       Dungeon |  12891 |  12229 |    662 |   1637 |   9011 |  10 | 1289.1 |
        Temple |    101 |     60 |     41 |      0 |     55 |   1 |  101.0 |
               +--------+--------+--------+--------+--------+-----+--------+

Top non-repeatable levels by time:
     D:7: 2186 daAuts
     D:6: 2118 daAuts
     D:9: 1780 daAuts
     D:3: 1769 daAuts
     D:8: 1403 daAuts
     D:1: 977 daAuts
     D:4: 970 daAuts
     D:5: 886 daAuts
     D:2: 791 daAuts
  Temple: 101 daAuts
    D:10: 8 daAuts
